 Dungeon Crawl Stone Soup version 0.29-a0-824-gd827844252 (webtiles) character file.

Game seed: 12591274054214061539

15 RepoMan the Vexing (level 2, -1/16 HPs)
             Began as a Deep Elf Arcane Marksman on July 9, 2022.
             Slain by a hobgoblin (4 damage)
             ... on level 1 of the Dungeon.
             The game lasted 00:05:31 (899 turns).

RepoMan the Vexing (Deep Elf Arcane Marksman)        Turns: 899, Time: 00:05:31

Health: -1/16      AC:  2    Str:  5 (7)  XL:     2   Next: 34%
Magic:  5/6        EV:  9    Int: 15 (17) God:
Gold:   83         SH:  0    Dex: 12 (15) Spells: 3/4 levels left

rFire   . . .      SeeInvis .   p - +1 dagger (protect)
rCold   . . .      Faith    .   (no shield)
rNeg    . . .      Spirit   .   c - +0 robe
rPois   .          Reflect  .   (no helmet)
rElec   .          Harm     .   (no cloak)
rCorr   .          Rampage  .   (no gloves)
Will    .....                   (no boots)
Stlth   +.........              (no amulet)
HPRegen 0.05/turn               (no ring)
MPRegen 0.10/turn               (no ring)

@: constricted
A: no striking features
a: no special abilities


You were on level 1 of the Dungeon.
You visited 1 branch of the dungeon, and saw 1 of its levels.

You collected 83 gold pieces.

Inventory:

Hand Weapons
 p - a +1 dagger of protection (weapon)
 s - a +0 sling
Armour
 c - a +0 robe (worn)
Scrolls
 b - 2 scrolls of vulnerability
 d - 2 scrolls of identify {unknown}


   Skills:
 - Level 0.7 Fighting
 * Level 3.7 Ranged Weapons
 - Level 2.4 Dodging
 - Level 1.5 Spellcasting
 + Level 4.4 Hexes


You had 3 spell levels left.
You knew the following spells:

 Your Spells              Type           Power      Damage    Failure   Level
w - Slow                  Hex            56%        N/A       3%          1

Your spell library contained the following spells:

 Spells                   Type           Power      Damage    Failure   Level
 Inner Flame              Hex/Fire       7%         N/A       28%         3
 Portal Projectile        Hex/Tloc       14%        N/A       28%         3
 Call Canine Familiar     Summ           1%         N/A       56%         3
 Cause Fear               Hex            7%         N/A       36%         4
 Leda's Liquefaction      Hex/Erth       3%         N/A       67%         4


Dungeon Overview and Level Annotations

Branches:
Dungeon (1/15)

Altars:


Message History

The ball python struggles to resist.
Casting: Slow (safe; 3% risk of failure)
Confirm with . or Enter, or press ? or * to list all spells.
Aiming: Slow (safe; 3% risk of failure)
Press: ? - help, Shift-Dir - straight line, f - ball python
Aim: a ball python (chance to affect: 72%)
The ball python seems to slow down.
Unknown command.
Your +1 dagger of protection hums with potential!
p - a +1 dagger of protection (weapon)
The ball python bites you. The ball python grabs you.
The ball python constricts you.
You hit the ball python.
Your weapon exudes an aura of protection.
The ball python is severely wounded.
The ball python loses its grip on you.
You closely miss the ball python.
The ball python is severely wounded.
The ball python bites you. The ball python barely misses you.
You hit the ball python.
Your weapon exudes an aura of protection.
You kill the ball python!
You closely miss the ball python. You barely miss the ball python.
The ball python barely misses you. The ball python grabs you.
The ball python constricts you.
The ball python's grasp on you weakens, but your attempt to escape fails.
The ball python bites you. The ball python constricts you.
The hobgoblin hits you.
Unknown command.
The ball python's grasp on you weakens, but your attempt to escape fails.
The ball python completely misses you. The ball python constricts you.
The hobgoblin hits you.
* * * LOW HITPOINT WARNING * * *
Unknown command.
Okay, then.
It was a potion of degeneration.
There was something very wrong with that liquid.
You feel weakened.
You feel dopey.
You feel clumsy. The hobgoblin hits you.
You die...

#.#.# #...######
#####.#.......
##.............
#####...##...######
#..................
##.###...##.######.#
####.g.###.###.# #..
#....S@.##.# #.# #..
#.##.##....# #.# #..
#$g #.####
#.#######. ##. #.#
#......... .. #.#
########## ## #.#
#...# ..# #†..# #
.## ####...###### .
###.........##.


You could see a hobgoblin and a ball python (slow).

Vanquished Creatures
  2 ball pythons (D:1)
  An endoplasm (D:1)
  A goblin (D:1)
  2 hobgoblins (D:1)
  3 jackals (D:1)
  A kobold (D:1)
  A bat (D:1)
  2 rats (D:1)
13 creatures vanquished.

Notes
Turn   | Place    | Note
-------+----------+-------------------------------------------
     0 | D:1      | RepoMan the Deep Elf Arcane Marksman began the quest for
                  | the Orb.
     0 | D:1      | Reached XP level 1. HP: 11/11 MP: 5/5
   334 | D:1      | Reached XP level 2. HP: 8/16 MP: 6/6
   899 | D:1      | Slain by a hobgoblin

Illustrated notes

Levels and vault maps discovered:
D:1:      amcnicky_arrival_gap_in_the_tavern_cellar, layout_loops_ring,
          minmay_split_cup_small

Skill      XL: |  1 |
---------------+----+-----
Ranged Weapons | 3 |  3.7
Fighting       | |  0.7
Dodging        | |  2.4
Spellcasting   | |  1.5
Hexes          | |  4.4

Action                   || total
-------------------------++-------
Melee: Dagger            ||     7
 Fire: Sling             ||    37
 Cast: Slow              ||    13
  Use: Potion            ||     1
Armor: Robe              ||     2
Dodge: Dodged            ||     9

Table legend: (Time is in decaauts)
 A = Elapsed time spent in this place.
 B = Non-inter-level travel time spent in this place.
 C = Inter-level travel time spent in this place.
 D = Time resting spent in this place.
 E = Time spent auto-exploring this place.
 F = Levels seen in this place.
 G = Mean time per level.
                   A        B        C        D        E       F      G
               +--------+--------+--------+--------+--------+-----+--------+
         Total |    905 |    905 |      0 |    239 |    448 |   1 |  905.0 |
       Dungeon |    905 |    905 |      0 |    239 |    448 |   1 |  905.0 |
               +--------+--------+--------+--------+--------+-----+--------+

Top non-repeatable levels by time:
     D:1: 905 daAuts
